 Dungeon Crawl Stone Soup version 0.29.1-13-g9f3cf754e1 (webtiles) character file.

Game seed: 6755297679441534476

399 112233 the Magician (level 6, -3/35 HPs)
             Began as a Deep Elf Fire Elementalist on Feb 10, 2023.
             Slain by a mummy (16 damage)
             ... in an ossuary.
             The game lasted 00:03:08 (4949 turns).

112233 the Magician (Deep Elf Fire Elementalist)    Turns: 4949, Time: 00:03:08

Health: -3/35      AC:  3    Str:  5    XL:     6   Next: 53%
Magic:  5/16       EV: 13    Int: 28    God:
Gold:   166        SH:  0    Dex: 15    Spells: 13/16 levels left

rFire   . . .      SeeInvis .   g - +1 whip (venom)
rCold   . . .      Faith    .   (no shield)
rNeg    . . .      Spirit   .   a - +0 robe
rPois   .          Reflect  .   (no helmet)
rElec   .          Harm     .   (no cloak)
rCorr   .          Rampage  .   (no gloves)
Will    .....                   i - +0 pair of boots
Stlth   ++........              (no amulet)
HPRegen 0.11/turn               j - +6 ring of intelligence
MPRegen 0.15/turn               (no ring)

@: brilliant, flying
A: no striking features
a: no special abilities


You were in an ossuary.
You visited 1 branch of the dungeon, and saw 4 of its levels.
You also visited: Ossuary.

You collected 166 gold pieces.

Inventory:

Hand Weapons
 g - a +1 whip of venom (weapon)
Missiles
 f - a throwing net
Armour
 a - a +0 robe (worn)
 i - a +0 pair of boots (worn)
 t - a +0 pair of gloves
Jewellery
 j - a +6 ring of intelligence (left hand)
Scrolls
 c - a scroll of silence {unknown}
 d - a scroll of summoning {unknown}
 e - 7 scrolls of identify {unknown}
 h - 2 scrolls of blinking {unknown}
 m - a scroll of amnesia {unknown}
 n - a scroll of enchant armour {unknown}
 o - 2 scrolls of teleportation {unknown}
 r - a scroll of torment {unknown}
 s - a scroll of immolation {unknown}
 u - 2 scrolls of fear {unknown}
Potions
 b - 2 potions of magic
 p - a potion of cancellation {unknown}
 q - 2 potions of curing
 v - 2 potions of heal wounds {unknown}


   Skills:
 + Level 2.0 Fighting
 + Level 4.1 Dodging
 - Level 2.4 Stealth
 * Level 5.8 Spellcasting
 + Level 3.1 Conjurations
 + Level 4.4 Fire Magic


You had 13 spell levels left.
You knew the following spells:

 Your Spells              Type           Power      Damage    Failure   Level
a - Foxfire               Conj/Fire      100%       2x1d9     1%          1
b - Scorch                Fire           98%        2d9       1%          2

Your spell library contained the following spells:

 Spells                   Type           Power      Damage    Failure   Level
 Conjure Flame            Conj/Fire      44%        6-21      4%          3
 Necrotise                Necr           48%        1d6       6%          1
 Inner Flame              Hex/Fire       31%        N/A       8%          3
 Flame Wave               Conj/Fire      44%        2d11      13%         4
 Vampiric Draining        Necr           12%        2d6       19%         3
 Cause Fear               Hex            6%         N/A       52%         4
 Agony                    Necr           12%        N/A       86%         5
 Dragon Form              Tmut           6%         N/A       100%        7
 Dragon's Call            Summ           6%         N/A       100%        9


Dungeon Overview and Level Annotations

Branches:
Dungeon (4/15)            Ossuary (1/1)
 Temple: D:4-7

Altars:
Dithmenos
Fedhas
Trog
Yredelemnul


Message History

Unknown command.
Casting: Scorch (safe; 1% risk of failure)
Confirm with . or Enter, or press ? or * to list all spells.
You feel a surge of power!
You conjure some foxfire!
You feel sick.
The human zombie is no longer more vulnerable to fire.
The scorpion barely misses you.
You feel sick.
The scorpion zombie is no longer more vulnerable to fire.
The foxfire hits the scorpion.
The scorpion is moderately wounded.
The foxfire hits the scorpion but does no damage.
The scorpion is moderately wounded.
The scorpion completely misses you. The scorpion barely misses you.
Casting: Foxfire (safe; 1% risk of failure)
Confirm with . or Enter, or press ? or * to list all spells.
You feel a surge of power!
You conjure some foxfire!
You feel sick.
The mummy is no longer more vulnerable to fire.
The scorpion stings you.
You feel sick.
The foxfire hits the scorpion.
The scorpion is heavily wounded.
The foxfire hits the scorpion.
The scorpion is severely wounded.
The scorpion stings you.
You are more poisoned.
The scorpion poisons you!
Casting: Foxfire (safe; 1% risk of failure)
Confirm with . or Enter, or press ? or * to list all spells.
You feel a surge of power!
You conjure some foxfire!
You feel very sick. The scorpion stings you.
* * * LOW HITPOINT WARNING * * *
* * * LOW HITPOINT WARNING * * *
You feel sick.
The foxfire hits the scorpion.
The scorpion is almost dead.
The foxfire hits the scorpion.
You kill the scorpion!
Your Fighting skill increases to level 2!
Your Conjurations skill increases to level 3!
It was a potion of curing.
You feel better. The mummy hits you!
You die...

...8...#...###8.....8###
.......#...#...........#
#8...8######...........#
.......#...#.....8.....#
...8...#...'.....#.....#
...#...#...#.....#.....#
#'#######'###########'##
...#...#...#..Z#.§.#...#
...'...8...#..ZM@§.'...#
...#.......#...#...#...#
#####8...8###' #########
.?M#.......#. #M?.#
!.?#...8...# #..!#
?.!#...#...# #..?#
#+########## ##+##


You could see a mummy, a scorpion zombie and a human zombie.

Vanquished Creatures
  2 scorpions (Ossuary)
  3 human zombies
  A human skeleton (D:4)
  2 scorpion zombies (Ossuary)
  A mummy (Ossuary)
  4 adders
  A worm (D:3)
  A dart slug (D:3)
  6 endoplasms
  5 giant cockroaches
  A gnoll zombie (Ossuary)
  8 goblins
  4 hobgoblins
  5 jackals (D:2)
  6 ball pythons
  4 bats
  3 frilled lizards
  A hobgoblin zombie (Ossuary)
  3 kobolds
  An orc skeleton (D:4)
  4 orc zombies (Ossuary)
  2 rats (D:2)
68 creatures vanquished.

Vanquished Creatures (others)
  219 foxfires
219 creatures vanquished.

Grand Total: 287 creatures vanquished

Notes
Turn   | Place    | Note
-------+----------+-------------------------------------------
     0 | D:1      | 112233 the Deep Elf Fire Elementalist began the quest for
                  | the Orb.
     0 | D:1      | Reached XP level 1. HP: 10/10 MP: 6/6
   467 | D:1      | Reached XP level 2. HP: 15/15 MP: 2/8
   654 | D:1      | Learned a level 2 spell: Scorch
  1479 | D:2      | Reached XP level 3. HP: 20/20 MP: 7/10
  2433 | D:3      | Reached skill level 1 in Fighting
  2494 | D:3      | Reached skill level 4 in Spellcasting
  2758 | D:3      | Found a bloodstained altar of Trog.
  2805 | D:3      | Reached XP level 4. HP: 25/25 MP: 9/12
  2859 | D:3      | Found a basalt altar of Yredelemnul.
  3174 | D:3      | Found a blossoming altar of Fedhas.
  3226 | D:3      | Found a shadowy altar of Dithmenos.
  3629 | D:4      | Found a sand-covered staircase.
  3726 | D:4      | Reached XP level 5. HP: 19/29 MP: 1/13
  3729 | Ossuary  | Entered an ossuary
  4107 | Ossuary  | Reached skill level 5 in Spellcasting
  4406 | Ossuary  | Reached XP level 6. HP: 19/35 MP: 3/15
  4949 | Ossuary  | Slain by a mummy

Illustrated notes

Levels and vault maps discovered:
D:1:      evilmike_arrival_fibonacci_small, layout_loops_corners
D:2:      layout_basic
D:3:      layout_loops_ring, mainiacjoe_overflow_six_doors_small, bloody_trog,
          grunt_dithmenos_smoke_and_mirrors, old_standard_altar
D:4:      layout_gridville, mainiacjoe_overflow_catwalk, kennysheep_mini,
          nicolae_ossuary_entry_catacombs
Ossuary:  ossuary_minmay_scorpions

Skill      XL: |  1  2  3  4  5  6 |
---------------+-------------------+-----
Dodging        | 3 4 |  4.1
Fighting       | 1 2 |  2.0
Conjurations   | 2 3 |  3.1
Spellcasting   | 4 5 |  5.8
Fire Magic     | 4 |  4.4
Stealth        | |  2.4

Action                   |  1- 3 |  4- 6 || total
-------------------------+-------+-------++-------
 Cast: Foxfire           |   105 |    41 ||   146
       Scorch            |     9 |    37 ||    46
  Use: Potion            |       |     3 ||     3
Armor: Robe              |     3 |     5 ||     8
Dodge: Dodged            |    12 |    27 ||    39
